 Dungeon Crawl Stone Soup version 0.21.0-3-g78d12a8 (webtiles) character file.

4113 Ignatius881 the Geomancer (level 10, -5/50 HPs)
             Began as a Deep Elf Earth Elementalist on Jan 10, 2018.
             Was a Believer of Vehumet.
             Slain by a yak (15 damage)
             ... on level 8 of the Dungeon.
             The game lasted 00:43:44 (11109 turns).

Ignatius881 the Geomancer (DEEE)                   Turns: 11109, Time: 00:43:44

Health: -5/50      AC:  3    Str:  5    XL:     10   Next: 6%
Magic:  13/23      EV: 16    Int: 24    God:    Vehumet [**....]
Gold:   478        SH:  0    Dex: 15    Spells: 6/24 levels left

rFire    . . .     SeeInvis +   b - +0 dagger (venom)
rCold    . . .     Gourm    .   (no shield)
rNeg     . . .     Faith    .   c - +0 robe
rPois    .         Spirit   .   (no helmet)
rElec    .         Reflect  .   (no cloak)
rCorr    .         Harm     .   a - +0 pair of gloves
MR       +....                  (no boots)
Stlth    ++........             (no amulet)
HPRegen  0.16/turn              z - ring of see invisible
MPRegen  0.18/turn              (no ring)

@: no status effects
A: no striking features
a: Renounce Religion


You were on level 8 of the Dungeon.
You worshipped Vehumet.
Vehumet was pleased with you.
You were not hungry.

You visited 2 branches of the dungeon, and saw 10 of its levels.

You collected 478 gold pieces.

Inventory:

Hand Weapons
 b - a +0 dagger of venom (weapon)
   (You took it off a goblin on level 2 of the Dungeon)
 j - a +0 dagger
   (You found it on level 1 of the Dungeon)
 k - a +0 war axe
   (You found it on level 2 of the Dungeon)
 r - a +0 long sword
   (You found it on level 3 of the Dungeon)
Missiles
 B - 57 stones (quivered)
 N - a throwing net {!f}
Armour
 a - a +0 pair of gloves (worn)
   (You found it on level 1 of the Dungeon)
 c - a +0 robe (worn)
 v - a +0 pair of boots
   (You found it on level 3 of the Dungeon)
 A - a +0 pair of boots
   (You found it on level 4 of the Dungeon)
 E - a cursed +0 cloak
   (You found it on level 5 of the Dungeon)
 G - a +0 pair of boots
   (You found it on level 5 of the Dungeon)
Jewellery
 u - an uncursed ring of resist corrosion
   (You found it on level 4 of the Dungeon)
 z - a ring of see invisible (left hand)
   (You took it off a goblin on level 1 of the Dungeon)
 L - a cursed ring of loudness {unknown}
   (You found it on level 6 of the Dungeon)
 M - a cursed ring of loudness {unknown}
   (You found it on level 6 of the Dungeon)
Wands
 d - a wand of iceblast (10)
   (You found it on level 4 of the Dungeon)
 t - a wand of flame (13)
   (You took it off Duvessa on level 4 of the Dungeon)
 K - a wand of polymorph (14)
   (You found it on level 6 of the Dungeon)
Scrolls
 g - 3 scrolls of immolation {!r}
 m - 6 scrolls of remove curse {@r2}
 n - 3 scrolls of blinking
 o - 2 scrolls of enchant armour
 q - 4 scrolls of teleportation {@r4}
 s - 5 scrolls of magic mapping {unknown}
 F - 2 scrolls of enchant weapon {unknown}
 Q - a scroll of amnesia {unknown}
Potions
 f - 2 potions of agility {unknown}
 h - 2 potions of flight
 i - 3 potions of heal wounds {@q2}
 l - 2 potions of mutation {unknown}
 p - 3 potions of berserk rage {unknown}
 w - 2 potions of haste {unknown}
 x - 3 potions of curing {unknown}
 D - a potion of magic {unknown}
 I - a potion of brilliance {unknown}
 J - a potion of cancellation {unknown}
 O - 3 potions of invisibility {unknown}
Books
 y - a book of Geomancy
 C - a book of Cantrips
   (You found it on level 3 of the Dungeon)
 H - a book of Cantrips
   (You found it on level 6 of the Dungeon)
 P - a book of Misfortune
   (You found it on level 7 of the Dungeon)
Comestibles
 e - 10 rations


   Skills:
 + Level 7.0 Dodging
 - Level 2.4 Stealth
 + Level 7.6 Spellcasting
 + Level 4.9 Conjurations
 + Level 4.8 Summonings
 + Level 2.2 Necromancy
 + Level 5.0 Transmutations
 * Level 4.7 Air Magic
 * Level 9.1 Earth Magic


You had 6 spell levels left.
You knew the following spells:

 Your Spells              Type           Power        Failure   Level  Hunger
a - Sandblast             Erth           ######       1%          1    None
b - Stone Arrow           Conj/Erth      #####.       1%          3    None
c - Petrify               Tmut/Erth      #####...     3%          4    ###....
d - Lee's Rapid Deconstr  Erth           ######....   4%          5    #####..
e - Summon Small Mammal   Summ           ####         1%          1    None
f - Shock                 Conj/Air       ####         1%          1    None
g - Animate Skeleton      Necr           N/A          2%          1    None
h - Throw Frost           Conj/Ice       ###...       3%          2    None


Dungeon Overview and Level Annotations

Branches:
Dungeon (9/15)             Temple (1/1) D:4
   Lair: D:8-11         Orc: D:9-12

Altars:
Ashenzari
Dithmenos
Elyvilon
Fedhas
Gozag
Hepliaklqana
Kikubaaqudgha
Makhleb
Nemelex Xobeh
Okawaru
Qazlal
Ru
Sif Muna
Trog
Uskayaw
Vehumet
Wu Jian
Xom
Yredelemnul
Zin
The Shining One

Shops:
D:4 *

Annotations:
D:8 Psyche


Message History

The blast of sand hits the yak.
B - 57 stones The yak closely misses you.
That beam is likely to hit you.
Continue anyway? [Y]es or [N]o only, please.
That beam is likely to hit you.
Continue anyway?
Okay, then.
The stone arrow hits the yak.
The yak gores you!
Aim: a yak (almost dead)
The stone arrow hits the yak.
You kill the yak!
Vehumet accepts your kill.
You feel your power returning.
You have reached level 10!
You start resting.
You start resting.
Okay, then.
You climb downwards.
The quokka misses you. The yak closely misses you. The yak gores you!
The yak barely misses you. The quokka closely misses you.
There is a stone staircase leading up here.
The yak gores you! The yak misses you. The yak closely misses you.
The quokka barely misses you.
You climb upwards.
Level annotation: Psyche
There is a stone staircase leading down, spattered with blood here.
Okay, then.
A stone staircase leading down, spattered with blood.
The zap hits the yak. x2; The yak misses you.
The yak closely misses you.
The zap hits the yak. x2; The yak misses you.
The yak completely misses you.
The zap hits the yak. x2; The yak gores you.
The yak completely misses you.
The zap hits the yak.
The zap misses the yak.
The yak closely misses you. The yak gores you!
* * * LOW HITPOINT WARNING * * *
The zap hits the yak. x2; The yak gores you!
* * * LOW HITPOINT WARNING * * *
The yak misses you.
You feel much better. The yak gores you!
* * * LOW HITPOINT WARNING * * *
The yak closely misses you.
You don't know that spell.
Okay, then.
Aim: a yak (heavily wounded)
The stone arrow hits the yak.
The yak barely misses you. The yak misses you.
Aim: a yak (almost dead)
The stone arrow hits the yak.
You kill the yak!
Vehumet accepts your kill.
Your Dodging skill increases to level 7!
The yak gores you!
You die...

...#######.#.#
#.# #.# #.#####
>.(# ###.#.# #.#
#.# #...... ...#
#.....# #.# #.#
######.
...#####.###.#
#.# #.# #.
.........# #.#
#.# #.# #.
#.)<####.###.#
#.# #.### #.
.............#
#Y# #...# #.
#.#..#####.###
#†# ###.# #.
#.#...## #.# #@#
#.# #.
.......###.#
#Y#######.# #.
#.#.....÷..#
#r........# #.
#.#..#####.#
########..# #.
....## #.#
######..# #.
#>###
#.#######.......#
#. #...
..##......<....##
##. #####
####.####.######
##⌠. ### #.# #.#
#.._


You could see 2 yaks and a quokka.

Vanquished Creatures
  Pikel (D:6)
  Grinder (D:5)
  Sigmund (D:6)
  2 yaks (D:8)
  Edmund (D:6)
  Duvessa (D:4)
  An orc warrior (D:8)
  A sky beast (D:5)
  A black bear (D:7)
  An eye of draining (D:8)
  An ice beast (D:6)
  7 ogres
  A centaur (D:8)
  A crocodile (D:8)
  The ghost of komo4ek the Magician, an amateur VSIE (D:3)
  4 bullfrogs
  A wyvern zombie (D:8)
  Dowan (D:4)
  4 killer bees (D:7)
  2 electric eels (D:6)
  A crimson imp (D:6)
  A hound (D:8)
  3 jellies
  3 orc priests
  6 orc wizards
  Jessica (D:2)
  2 iguanas
  6 worker ants
  A howler monkey zombie (D:5)
  2 worker ant zombies (D:8)
  12 adders
  3 gnolls (D:7)
  A shadow imp (D:6)
  2 oozes
  3 worms
  4 dart slugs
  5 leopard geckos
  17 orcs
  7 bats
  4 giant cockroaches
  10 goblins
  8 hobgoblins
  14 jackals
  5 kobolds
  4 quokkas
  4 ball pythons
  8 frilled lizards
  2 leopard gecko skeletons
  A rat (D:2)
174 creatures vanquished.

Vanquished Creatures (others)
  2 plants (D:6)
2 creatures vanquished.

Grand Total: 176 creatures vanquished

Notes
Turn   | Place    | Note
-------+----------+-------------------------------------------
     0 | D:1      | Ignatius881 the Deep Elf Earth Elementalist began the quest for the Orb.
     0 | D:1      | Reached XP level 1. HP: 10/10 MP: 6/6
   108 | D:1      | Reached XP level 2. HP: 15/15 MP: 1/8
   254 | D:1      | Found a burning altar of Makhleb.
   474 | D:1      | Reached skill level 4 in Earth Magic
   558 | D:1      | Reached XP level 3. HP: 19/19 MP: 8/10
   604 | D:1      | Learned a level 3 spell: Stone Arrow
  1477 | D:2      | Reached XP level 4. HP: 24/24 MP: 9/11
  1833 | D:2      | Noticed Jessica
  1962 | D:2      | Killed Jessica
  2181 | D:2      | Reached skill level 5 in Earth Magic
  2479 | D:2      | Reached XP level 5. HP: 28/28 MP: 3/13
  2560 | D:2      | Learned a level 5 spell: Lee's Rapid Deconstruction
  3259 | D:3      | Learned a level 1 spell: Summon Small Mammal
  3278 | D:3      | Noticed komo4ek's ghost (amateur VSIE)
  3283 | D:3      | Killed komo4ek's ghost
  3636 | D:3      | Reached XP level 6. HP: 32/32 MP: 11/15
  3670 | D:3      | Learned a level 4 spell: Petrify
  3976 | D:4      | Reached skill level 1 in Conjurations
  3976 | D:4      | Reached skill level 1 in Summonings
  4067 | D:4      | Found Rulaff's Assorted Antiques.
  4087 | D:4      | Noticed Dowan
  4104 | D:4      | Noticed Duvessa
  4110 | D:4      | Killed Dowan
  4592 | D:4      | Reached skill level 5 in Spellcasting
  4592 | D:4      | Reached skill level 6 in Earth Magic
  4900 | D:4      | Found a staircase to the Ecumenical Temple.
  4930 | D:4      | Reached XP level 7. HP: 30/36 MP: 1/16
  5144 | D:4      | Killed Duvessa
  5690 | Temple   | Entered the Ecumenical Temple
  5697 | Temple   | Became a worshipper of Vehumet
  5725 | D:5      | Entered Level 5 of the Dungeon
  5815 | D:5      | Reached skill level 5 in Dodging
  5822 | D:5      | Noticed Grinder
  6481 | D:5      | Reached skill level 7 in Earth Magic
  6524 | D:5      | Killed Grinder
  6524 | D:5      | Reached XP level 8. HP: 41/41 MP: 9/19
  6713 | D:5      | Reached * piety under Vehumet
  6713 | D:5      | Offered knowledge of Shock by Vehumet.
  6804 | D:5      | Learned a level 1 spell: Shock
  7151 | D:6      | Noticed Pikel
  7275 | D:6      | Noticed Edmund
  7284 | D:6      | Killed Edmund
  7383 | D:6      | Noticed Sigmund
  7386 | D:6      | Killed Sigmund
  7386 | D:6      | Reached skill level 1 in Air Magic
  7551 | D:6      | Killed Pikel
  7551 | D:6      | Reached skill level 8 in Earth Magic
  7921 | D:6      | Reached XP level 9. HP: 45/45 MP: 14/20
  8853 | D:7      | Learned a level 1 spell: Animate Skeleton
  9409 | D:7      | Reached skill level 1 in Necromancy
  9535 | D:7      | Offered knowledge of Throw Frost by Vehumet.
  9565 | D:7      | Learned a level 2 spell: Throw Frost
  9730 | D:7      | Found an iron altar of Okawaru.
  9737 | D:7      | Found a stormy altar of Qazlal.
 10229 | D:8      | Found a sparkling altar of Nemelex Xobeh.
 10393 | D:8      | Reached ** piety under Vehumet
 10604 | D:8      | Reached skill level 9 in Earth Magic
 10908 | D:8      | Reached skill level 5 in Transmutations
 10998 | D:8      | Noticed Psyche
 11023 | D:8      | Reached XP level 10. HP: 38/50 MP: 16/23
 11106 | D:8      | HP: 2/50 [yak (11)]
 11109 | D:8      | Slain by a yak

Skill      XL: |  1  2  3  4  5  6  7  8  9 10 |
---------------+-------------------------------+-----
Earth Magic    | 4 5 6 7 8 9 |  9.1
Dodging        | 3 4 5 6 7 |  7.0
Spellcasting   | 4 5 6 7 |  7.6
Conjurations   | 1 3 4 |  4.9
Summonings     | 1 3 4 |  4.8
Transmutations | 3 5 |  5.0
Air Magic      | 2 4 |  4.7
Necromancy     | 2 |  2.2
Stealth        | |  2.4

Action                   |  1- 3 |  4- 6 |  7- 9 | 10-12 || total
-------------------------+-------+-------+-------+-------++-------
Melee: Dagger            |       |     6 |       |       ||     6
 Cast: Sandblast         |    49 |     7 |    67 |       ||   123
       Stone Arrow       |     5 |    69 |    46 |     3 ||   123
       Summon Small Mamm |       |     1 |     1 |       ||     2
       Shock             |       |       |   110 |     5 ||   115
       Throw Frost       |       |       |     6 |       ||     6
       Lee's Rapid Decon |       |       |     4 |       ||     4
       Petrify           |       |       |     2 |       ||     2
  Use: Scroll            |     4 |     8 |     1 |       ||    13
       Potion            |       |     1 |       |     1 ||     2
  Eat: Chunk             |     2 |     7 |    14 |       ||    23
       Ration            |       |     2 |     2 |       ||     4
Armor: Robe              |     3 |     3 |     4 |       ||    10
Dodge: Dodged            |     5 |    18 |    47 |    17 ||    87
